 Dungeon Crawl Stone Soup version 0.28-b1-25-g9875b3fc8c (webtiles) character file.

Game seed: 14762464286312813915

5755 MisterFreud the Basher (level 10, -6/96 HPs)
             Began as a Troll Berserker on Feb 1, 2022.
             Was an Elder of Trog.
             Mangled by a two-headed ogre (12 damage)
             ... on level 11 of the Dungeon.
             The game lasted 00:10:54 (7362 turns).

MisterFreud the Basher (Troll Berserker)            Turns: 7362, Time: 00:10:55

Health: -6/96      AC: 11    Str: 27    XL:     10   Next: 49%
Magic:  9/9        EV: 11    Int:  5    God:    Trog [****..]
Gold:   241        SH:  0    Dex: 11    Spells: 9/9 levels left

rFire   + . .      SeeInvis .   o - +1 flail (protect)
rCold   + . .      Faith    .   (no shield)
rNeg    . . .      Spirit   .   b - +0 animal skin
rPois   .          Reflect  .   (helmet restricted)
rElec   .          Harm     .   (no cloak)
rCorr   .          Rampage  .   (gloves unavailable)
Will    .....                   (boots unavailable)
Stlth   +.........              (no amulet)
HPRegen 1.06/turn               i - ring of protection from cold
MPRegen 0.11/turn               u - ring of protection from fire

@: about to teleport, under a protective aura, on berserk cooldown, slowed, very
slow
A: large, unfitting armour, claws 3, regeneration 1, shaggy fur 1, tough skin 1
a: Renounce Religion, Berserk, Trog's Hand, Brothers in Arms


You were on level 11 of the Dungeon.
You worshipped Trog.
Trog was greatly pleased with you.
You visited 1 branch of the dungeon, and saw 10 of its levels.
You also visited: Sewer.

You collected 440 gold pieces.
You spent 199 gold pieces at shops.

Inventory:

Hand Weapons
 a - a +0 mace
 e - a +0 giant spiked club
 o - a +1 flail of protection (weapon)
Missiles
 j - 26 poisoned darts (quivered)
 F - 7 large rocks
Armour
 b - a +0 animal skin (worn)
Jewellery
 i - a ring of protection from cold (left claw)
 q - a ring of protection from cold
 u - a ring of protection from fire (right claw)
 L - a ring of willpower
Wands
 r - a wand of iceblast (13)
 t - a wand of polymorph (12)
 J - a wand of flame (10)
Scrolls
 c - a scroll of summoning {unknown}
 g - 3 scrolls of magic mapping {unknown}
 h - 5 scrolls of teleportation
 p - a scroll of blinking {unknown}
 s - 5 scrolls of amnesia {unknown}
 v - a scroll of holy word {unknown}
 w - 3 scrolls of enchant armour {unknown}
 x - a scroll of fear {unknown}
 y - a scroll of noise {unknown}
 A - a scroll of fog {unknown}
 E - a scroll of immolation {unknown}
 G - a scroll of brand weapon {unknown}
 I - 2 scrolls of identify
 K - a scroll of silence {unknown}
Potions
 d - 3 potions of mutation
 f - a potion of resistance {unknown}
 k - 2 potions of haste {unknown}
 l - 2 potions of might {unknown}
 m - 3 potions of heal wounds {unknown}
 n - 4 potions of curing {unknown}
 z - 4 potions of degeneration
 B - 5 potions of cancellation {unknown}
 C - a potion of magic {unknown}
 D - a potion of flight {unknown}
 H - a potion of attraction {unknown}


   Skills:
 - Level 5.0 Fighting
 + Level 9.9 Maces & Flails
 + Level 7.0 Throwing
 - Level 5.0 Dodging
 - Level 4.0 Evocations


You had 9 spell levels left.
You didn't know any spells.
Your spell library was empty.

Dungeon Overview and Level Annotations

Branches:
Dungeon (9/15)             Temple (0/1) D:5           Sewer (visited)
   Lair: D:8-11         Orc: D:9-12

Altars:
Kikubaaqudgha
Makhleb
Ru
Uskayaw
Wu Jian
Xom
Yredelemnul
Zin
The Shining One

Shops:
D:3 [((((   D:5 (   D:7 *

Annotations:
D:7 1 runed translucent door, Garym's ghost, novice MiBe


Innate Abilities, Weirdness & Mutations

You are too large for most types of armour.
You have claws for hands.
Your natural rate of healing is unusually fast.
You are covered in fur. (AC +1)
You have tough skin. (AC +1)


Message History

The two-headed ogre is moderately wounded.
The two-headed ogre hits you with a +0 giant club!
The two-headed ogre barely misses you.
You barely miss the two-headed ogre.
The two-headed ogre is moderately wounded.
You bludgeon the two-headed ogre!!
The two-headed ogre is severely wounded.
The two-headed ogre hits you with a +0 giant club! x2
The two-headed ogre closely misses you.
The two-headed ogre hits you with a +0 giant spiked club!!
* * * LOW HITPOINT WARNING * * *
Things that are here:
a +0 giant spiked club; a +0 giant spiked club; a two-headed ogre corpse You sock the two-headed ogre!
You kill the two-headed ogre!
Trog accepts your kill.
Your Throwing skill increases to level 7!
You barely miss the two-headed ogre. The two-headed ogre barely misses you.
The two-headed ogre hits you with a +0 giant club!
* * * LOW HITPOINT WARNING * * *
You sock the two-headed ogre!
The two-headed ogre is moderately wounded.
You are no longer berserk.
You are exhausted.
You feel yourself slow down.
Unknown command.
Unknown command.
Unknown command.
Unknown command.
Unknown command.
Okay, then.
Unknown command.
Okay, then.
Unknown command.
As you read the scroll of teleportation, it crumbles to dust.
You feel strangely unstable.
The two-headed ogre hits you with a +0 giant club!
* * * LOW HITPOINT WARNING * * *
The two-headed ogre hits you with a +0 giant club!
You die...

#.....#
#.....#
####'###
#...#
###.#
#.#
##.##
#.).#
#@###
#O..#
###.#
(.. ###


You could see a two-headed ogre.

Vanquished Creatures
  3 two-headed ogres
  A deep elf pyromancer (D:8)
  A cyclops (D:11)
  Grinder (D:5)
  A steam dragon (D:5)
  A black bear (D:5)
  2 orc warriors
  4 ice beasts
  6 necrophages (D:7)
  An ogre (D:11)
  A centaur (D:5)
  A kobold brigand (Sewer)
  2 scorpions (D:5)
  A water moccasin zombie (D:6)
  A wyvern zombie (D:7)
  A howler monkey (D:5)
  A centaur zombie (D:7)
  2 bullfrog zombies (D:7)
  5 hounds
  4 jellies
  8 orc priests
  2 bullfrog skeletons
  2 iguanas
  4 orc wizards
  Ijyb (D:4)
  Terence (D:3)
  A killer bee zombie (D:8)
  A hound zombie (D:5)
  7 gnolls
  2 river rats (D:5)
  7 adders
  A howler monkey skeleton (D:6)
  A shadow imp (D:7)
  A white imp (D:8)
  An ufetubus (D:5)
  2 worms
  4 dart slugs
  19 orcs
  12 ball pythons
  9 endoplasms
  5 giant cockroaches
  3 goblins
  4 hobgoblins
  2 jackals (D:4)
  3 quokkas
  8 bats
  3 frilled lizards
  17 kobolds
  11 rats
182 creatures vanquished.

Vanquished Creatures (others)
  A bullfrog skeleton (D:5)
  8 fungi (D:6)
  2 plants (Sewer)
11 creatures vanquished.

Grand Total: 193 creatures vanquished

Notes
Turn   | Place    | Note
-------+----------+-------------------------------------------
     0 | D:1      | MisterFreud the Troll Berserker began the quest for the
                  | Orb.
     0 | D:1      | Reached XP level 1. HP: 22/22 MP: 0/0
   105 | D:1      | Reached skill level 3 in Maces & Flails
   180 | D:1      | Reached XP level 2. HP: 29/29 MP: 1/1
   823 | D:2      | Reached XP level 3. HP: 36/36 MP: 2/2
   893 | D:2      | Reached skill level 4 in Maces & Flails
   974 | D:2      | Reached ** piety under Trog
  1127 | D:2      | Reached XP level 4. HP: 42/44 MP: 3/3
  1234 | D:2      | Found a faded altar of an unknown god.
  1413 | D:3      | Noticed Terence
  1424 | D:3      | Killed Terence
  1503 | D:3      | Found Foategus's Antique Armour Emporium.
  1557 | D:3      | Found Wyoritt's Antique Weapon Emporium.
  1591 | D:3      | Found an ornate altar of the Wu Jian Council.
  1620 | D:3      | Noticed an ice beast
  1631 | D:3      | Killed an ice beast
  1632 | D:3      | Reached skill level 5 in Maces & Flails
  1632 | D:3      | Reached XP level 5. HP: 50/50 MP: 4/4
  1648 | D:3      | Found Kenotixt's Weapon Shop.
  1656 | D:3      | Bought a +1 flail of protection for 112 gold pieces
  1672 | D:3      | Found a burning altar of Makhleb.
  1747 | D:3      | Found Puddigha's Antique Weapon Emporium.
  1826 | D:3      | Found Jis Poc's Weapon Shop.
  2171 | D:4      | Reached skill level 6 in Maces & Flails
  2277 | D:4      | Reached XP level 6. HP: 59/59 MP: 5/5
  2283 | D:4      | Noticed Ijyb
  2327 | D:4      | Killed Ijyb
  3017 | D:5      | Entered Level 5 of the Dungeon
  3108 | D:5      | Found Cijufiups's Weapon Shop.
  3146 | D:5      | Reached skill level 7 in Maces & Flails
  3146 | D:5      | Reached XP level 7. HP: 34/66 MP: 6/6
  3382 | D:5      | Reached skill level 8 in Maces & Flails
  3517 | D:5      | Reached *** piety under Trog
  3588 | D:5      | Found a glowing drain.
  3593 | Sewer    | Entered a sewer
  3923 | D:5      | Found a shimmering altar of Xom.
  3925 | D:5      | Found a hide-covered altar of Uskayaw.
  3925 | D:5      | Found a sacrificial altar of Ru.
  3928 | D:5      | Found a basalt altar of Yredelemnul.
  3929 | D:5      | Found an ancient bone altar of Kikubaaqudgha.
  3944 | D:5      | Found a staircase to the Ecumenical Temple.
  3989 | D:5      | Found a glowing silver altar of Zin.
  4067 | D:5      | Reached XP level 8. HP: 60/75 MP: 7/7
  4230 | D:5      | Noticed Grinder
  4277 | D:5      | Killed Grinder
  4335 | D:5      | Reached skill level 5 in Fighting
  4335 | D:5      | Reached skill level 5 in Dodging
  4864 | D:6      | Reached skill level 1 in Throwing
  4864 | D:6      | Reached skill level 1 in Evocations
  5316 | D:6      | Reached XP level 9. HP: 88/88 MP: 8/8
  5953 | D:7      | Found Doetoxu's Assorted Antiques.
  6008 | D:7      | Bought a green potion for 27 gold pieces
  6008 | D:7      | Bought a scroll labelled MELASH CAMMI for 30 gold pieces
  6008 | D:7      | Bought a scroll labelled DUDUGGA KUESURPH for 30 gold
                  | pieces
  6217 | D:7      | Noticed a two-headed ogre
  6226 | D:7      | Killed a two-headed ogre
  6226 | D:7      | Reached **** piety under Trog
  6390 | D:7      | Found a runed translucent door.
  6390 | D:7      | Found a shimmering altar of Xom.
  6390 | D:7      | Noticed Garym's ghost (novice MiBe)
  6390 | D:7      | Noticed a +0 trident of chaos
  6610 | D:7      | Found a glowing golden altar of the Shining One.
  6765 | D:7      | Reached skill level 5 in Throwing
  7011 | D:8      | Noticed a deep elf pyromancer
  7021 | D:8      | Killed a deep elf pyromancer
  7022 | D:8      | Reached skill level 9 in Maces & Flails
  7022 | D:8      | Reached XP level 10. HP: 96/96 MP: 9/9
  7263 | D:9      | You fall into a shaft and drop 2 floors!
  7271 | D:11     | Noticed a cyclops
  7277 | D:11     | Killed a cyclops
  7343 | D:11     | Noticed a two-headed ogre
  7348 | D:11     | Noticed a two-headed ogre
  7349 | D:11     | Killed a two-headed ogre
  7350 | D:11     | Noticed a two-headed ogre
  7359 | D:11     | Killed a two-headed ogre
  7362 | D:11     | Mangled by a two-headed ogre

Illustrated notes

Levels and vault maps discovered:
D:1:      matt_arrival_diagonals, layout_basic
D:2:      layout_rooms, nicolae_ecumenical_lake_church, kennysheep_nondescript
D:3:      layout_basic, lemuel_doored_altar, overflow_temple_1_default,
          serial_shops, shop, shop, nicolae_shop_trees,
          nicolae_shop_bloodbath_and_beyond, shop, grunt_ministairs_1,
          uniq_terence
D:4:      layout_basic, kennysheep_cluttered_room, uniq_ijyb
D:5:      minmay_recursive_quarters, layout_basic, zin_scriptorium,
          grunt_temple_overflow_open, minmay_temple_entry_trees, serial_shops,
          nicolae_shop_hallway_plus, gup_sewer_entry_bowl, grunt_ministairs_1,
          uniq_grinder
D:6:      layout_basic, serial_aquarium, aquarium_bridge_long_separate
          [aquarium_subvault_bridge, aquarium_subvault_wall,
          aquarium_subvault_bridge, aquarium_subvault_window,
          aquarium_subvault_bridge, aquarium_subvault_window],
          aquarium_window_fake, aquarium_window_corridor_1,
          aquarium_window_fake, aquarium_view_2d, aquarium_pool_four
D:7:      layout_cave_pods, tso_oasis_becter, serial_undead, serial_undead_c,
          serial_undead_e, serial_undead_f, serial_undead_c, serial_undead_f,
          serial_shops, shop, ebering_ghost_xom
D:8:      layout_rooms, small_statue_intersection
D:9:      layout_roguey, david_lair_generic, uniq_pikel
D:11:     layout_roguey

Skill      XL: |  1  2  3  4  5  6  7  8  9 10 |
---------------+-------------------------------+-----
Maces & Flails | 3 4 5 6 7 8 9 |  9.9
Fighting       | 3 5 |  5.0
Dodging        | 3 5 |  5.0
Throwing       | 2 5 7 |  7.0
Evocations     | 2 4 |  4.0

Action                   |  1- 3 |  4- 6 |  7- 9 | 10-12 || total
-------------------------+-------+-------+-------+-------++-------
Melee: Mace              |   133 |    23 |       |       ||   156
       Punch             |     1 |     1 |     4 |     2 ||     8
       Flail             |       |    95 |   428 |    32 ||   555
       Unarmed           |       |    33 |       |       ||    33
Throw: Dart              |       |       |     1 |       ||     1
       Large rock        |       |       |       |     1 ||     1
Invok: Berserk           |       |     3 |     5 |     2 ||    10
       Trog's Hand       |       |       |     2 |       ||     2
  Use: Scroll            |       |       |     3 |     1 ||     4
 Stab: Sleeping          |       |     1 |       |       ||     1
Armor: Animal skin       |    60 |    43 |   179 |     3 ||   285
Dodge: Dodged            |    93 |    97 |   247 |    10 ||   447
